 Dungeon Crawl Stone Soup version 0.19.5 (webtiles) character file.

358 Kosschaser the Sneak (level 6, -3/30 HPs)
             Began as a Vine Stalker Assassin on Mar 2, 2017.
             Slain by an ogre
             ... wielding a +0 giant spiked club
              (19 damage)
             ... on level 4 of the Dungeon.
             The game lasted 00:09:24 (3218 turns).

Kosschaser the Sneak (Vine Stalker Assassin)        Turns: 3218, Time: 00:09:25

Health: -3/30      AC:  9    Str: 13    XL:     6   Next: 64%
Magic:  0/7        EV: 11    Int: 11    God:
Gold:   156        SH:  0    Dex: 18    Spells: 0 memorised, 5 levels left

rFire  . . .     SeeInvis .     a - +2 dagger
rCold  + . .     Gourm    .     q - +2 leather armour {rC+}
rNeg   . . .     Faith    .     (no shield)
rPois  .         Spirit   +     (no helmet)
rElec  .         Reflect  .     d - +0 cloak
rCorr  .         Harm     .     (no gloves)
MR     .....                    k - +2 pair of boots
Stlth  ++++......               (no amulet)
                                (no ring)
                                (no ring)

@: drained
A: fangs 2, regeneration 1, magic shield, antimagic bite, no device heal 3, rot
immunity
a: no special abilities


You were on level 4 of the Dungeon.
You were not hungry.

You visited 1 branch of the dungeon, and saw 5 of its levels.

You collected 156 gold pieces.

Inventory:

Hand Weapons
 a - a +2 dagger (weapon)
 b - a +0 blowgun
Missiles
 e - 43 poisoned needles
 f - 7 curare-tipped needles
 l - 6 javelins (quivered)
Armour
 d - a +0 cloak (worn)
 k - a +2 pair of boots (worn)
 q - a +2 leather armour of cold resistance (worn)
Jewellery
 y - a cursed amulet of inaccuracy {unknown}
Scrolls
 i - a scroll of magic mapping {unknown}
 j - a scroll of enchant weapon {unknown}
 n - 2 scrolls of remove curse
 s - 2 scrolls of random uselessness {unknown}
 t - 3 scrolls of identify {unknown}
 v - a scroll of enchant armour {unknown}
 w - a scroll of teleportation {unknown}
Potions
 h - 3 potions of curing {unknown}
 o - a potion of degeneration {unknown}
 p - a potion of heal wounds {unknown}
 r - a potion of lignification {unknown}
 u - a potion of berserk rage {unknown}
 z - a potion of mutation {unknown}
Comestibles
 c - a meat ration
 g - 2 bread rations
 m - 9 fruits


   Skills:
 + Level 2.0(1.5) Fighting
 + Level 3.4(2.9) Short Blades
 + Level 2.1(1.6) Throwing
 + Level 1.6(1.1) Armour
 + Level 1.0(0.5) Dodging
 * Level 7.8(7.2) Stealth


You had 5 spell levels left.
You didn't know any spells.

Dungeon Overview and Level Annotations

Branches:
Dungeon (5/15)
 Temple: D:4-7

Altars:
Okawaru
The Shining One

Annotations:
D:5 Dowan, Duvessa


Innate Abilities, Weirdness & Mutations

You have extremely sharp teeth.
Your natural rate of healing is unusually fast.
When hurt, damage is shared between your health and your magic reserves.
Your bite disrupts and absorbs the magic of your enemies.
Potions and wands cannot restore your health.
You are immune to rotting.


Message History

The ogre hits you with a giant spiked club!
You hit the ogre. You bite the ogre. You drain its power.
You feel invigorated.
The ogre is moderately wounded.
You hit the ogre. Your bite misses the ogre.
The ogre is moderately wounded.
The ogre completely misses you.
You hit the ogre but do no damage.
The ogre is moderately wounded.
The ogre closely misses you.
You hit the ogre but do no damage. You bite the ogre. You drain its power.
The ogre is moderately wounded.
You closely miss the ogre. Your bite misses the ogre.
The ogre is moderately wounded.
The ogre hits you with a giant spiked club!
You barely miss the ogre. You bite the ogre. You drain its power.
You feel invigorated.
The ogre is heavily wounded.
The ogre hits you with a giant spiked club!!
Ouch! That really hurt!
You die...

#.............#
#..#.###.z.
#.......####### #....#.z.
#.......# #.#..#.#
####.......# #...>..#
#....(....## #..#.###
#.........# #[...#.#
#.........# #......#
#.........########......#
#............@O..#.....##
....#.#.#.#.......#.....
.....##.#.#.......#.....
...... ..#.#.......# .)
####.#.......#
#.#.......# ...##.###.#
.. ..# ..


You could see an ogre.

Vanquished Creatures
  The ghost of Kosschaser the Sneak, an amateur VSAs (D:3)
  An orc priest (D:4)
  A centaur skeleton (D:5)
  An orc wizard (D:4)
  A worker ant (D:5)
  3 adders (D:2)
  An ooze (D:1)
  4 worms
  4 dart slugs
  A leopard gecko (D:1)
  9 orcs
  A ball python (D:2)
  6 giant cockroaches
  10 goblins
  7 hobgoblins
  5 jackals (D:3)
  9 kobolds
  5 quokkas
  6 bats
  3 frilled lizards (D:2)
  7 rats
86 creatures vanquished.

Notes
Turn   | Place    | Note
-------+----------+-------------------------------------------
     0 | D:1      | Kosschaser the Vine Stalker Assassin began the quest for the Orb.
     0 | D:1      | Reached XP level 1. HP: 11/11 MP: 2/2
    27 | D:1      | Reached skill level 5 in Stealth
    75 | D:1      | Reached XP level 2. HP: 13/15 MP: 3/3
   582 | D:1      | Reached XP level 3. HP: 18/18 MP: 4/4
  1181 | D:2      | Reached skill level 6 in Stealth
  1278 | D:2      | Found a glowing golden altar of the Shining One.
  1349 | D:2      | Reached skill level 1 in Dodging
  1542 | D:2      | Gained mutation: Your natural rate of healing is unusually fast. [Vine Stalker growth]
  1542 | D:2      | Reached XP level 4. HP: 15/23 MP: 3/5
  2267 | D:3      | Reached XP level 5. HP: 23/26 MP: 6/6
  2296 | D:3      | Found an iron altar of Okawaru.
  2422 | D:3      | Noticed Kosschaser's ghost (amateur VSAs)
  2458 | D:3      | Killed Kosschaser's ghost
  2458 | D:3      | Reached skill level 1 in Armour
  2458 | D:3      | Reached skill level 7 in Stealth
  2458 | D:3      | Reached XP level 6. HP: 28/30 MP: 7/7
  2484 | D:3      | You fall through a shaft for 2 floors!
  2484 | D:5      | Entered Level 5 of the Dungeon
  2581 | D:5      | Noticed Dowan
  2582 | D:5      | Noticed Duvessa
  3218 | D:4      | Slain by an ogre

Skill      XL: |  1  2  3  4  5 |
---------------+----------------+-----
Stealth        | 5 6 7 |  7.8
Throwing       | 2 |  2.1
Short Blades   | 2 3 |  3.4
Dodging        | 1 |  1.0
Fighting       | 2 |  2.0
Armour         | 1 |  1.6

Action                   |  1- 3 |  4- 6 || total
-------------------------+-------+-------++-------
Melee: Dagger            |    84 |   195 ||   279
       Bite              |    17 |    63 ||    80
Throw: Javelin           |       |     2 ||     2
  Use: Scroll            |       |     2 ||     2
 Stab: Sleeping          |    14 |    19 ||    33
  Eat: Chunk             |     1 |     6 ||     7
Armor: Robe              |    16 |       ||    16
       Leather armour    |     7 |    73 ||    80
Dodge: Dodged            |    39 |    91 ||   130
